 Dungeon Crawl Stone Soup version 0.30.1-11-g7821555f0a (webtiles) character file.

Game seed: 1763872263195689926

43 booth the Ruffian (level 3, -1/36 HPs)
             Began as a Troll Fighter on Nov 9, 2023.
             Slain by Sigmund
             ... wielding a +1 vampiric scythe
              (8 damage)
             ... on level 2 of the Dungeon.
             The game lasted 00:07:13 (977 turns).

booth the Ruffian (Troll Fighter)                    Turns: 977, Time: 00:07:14

Health: -1/36      AC:  4    Str: 24    XL:     3   Next: 37%
Magic:  2/2        EV:  9    Int:  4    God:
Gold:   40         SH:  8    Dex: 11    Spells: 2/2 levels left

rFire   + .          .
                       - Unarmed
rCold   + . .        b - +0 kite shield
rNeg    . . .        a - +0 robe
rPois   +            (helmet restricted)
rElec   +            (no cloak)
rCorr   +            (gloves unavailable)
SInv    .            (boots unavailable)
Will    .....        (no amulet)
Stlth   +            (no ring)
HPRegen 1.06/turn    (no ring)
MPRegen 0.08/turn

%: no passive effects
@: mighty, resistant
A: large, unfitting armour, claws 3, regeneration 1, shaggy fur 1, tough skin 1
a: no special abilities


You were on level 2 of the Dungeon.
You visited 1 branch of the dungeon, and saw 2 of its levels.

You collected 40 gold pieces.

Inventory:

Hand Weapons
 e - a +1 flail
Missiles
 g - 5 poisoned darts (quivered)
Armour
 a - a +0 robe (worn)
 b - a +0 kite shield (worn)
Potions
 c - a potion of might
 f - a potion of invisibility


   Skills:
 + Level 2.8 Fighting
 + Level 2.7 Dodging
 - Level 2.7 Shields
 * Level 3.0 Unarmed Combat


You had 2 spell levels left.
You didn't know any spells.
Your spell library contained the following spells:

 Spells                   Type           Power      Damage    Failure   Level
 Ozocubu's Armour         Ice            0%         N/A       98%         3
 Ozocubu's Refrigeration  Ice            0%         4d7       100%        7


Dungeon Overview and Level Annotations

Branches:
Dungeon (2/15)

Altars:

Annotations:
D:2 Sigmund


Innate Abilities, Weirdness & Mutations

You are too large for most types of armour.
You have claws for hands.
Your natural rate of healing is unusually fast.
You are covered in fur. (AC +1)
You have tough skin. (AC +1)


Message History

The helpless dart slug fails to defend itself.
You claw the dart slug!
You kill the dart slug!
You see here a dart slug corpse.
You see here a +0 chain mail.
You open the door.
Sigmund and a giant cockroach come into view.
Sigmund is wielding a +1 vampiric scythe.
Sigmund shouts!
You flicker for a moment.
You block the giant cockroach's attack. x2
You strike the helpless giant cockroach from behind!
You scratch the giant cockroach.
The giant cockroach is almost dead.
The giant cockroach bites you.
You scratch the giant cockroach.
You kill the giant cockroach!
You flicker back into view.
Sigmund casts a spell at you. The puff of flame hits you!
Sigmund barely misses you.
You closely miss Sigmund.
Sigmund hits you with a +1 vampiric scythe!
You scratch Sigmund but do no damage.
Sigmund flickers, as though insubstantial.
Sigmund gestures wildly while chanting.
Sigmund flickers and vanishes!
Deactivating autopickup; reactivate with Ctrl-A.
You scratch something but do no damage. Something hits you.
You barely miss something. Something hits you.
You miss something. You claw something! Something hits you.
* * * LOW HITPOINT WARNING * * *
You miss something. Something hits you.
* * * LOW HITPOINT WARNING * * *
It was a potion of resistance.
You feel protected.
You feel very mighty all of a sudden. Something hits you!
You die...

#<#
#†#########
#[........#
#########.#
#.# #.# #.#
#.# #@# #{#
... .....
#......
#......#
#.#.....
#.#####.#


There were no monsters in sight!

Vanquished Creatures
  2 gnolls (D:1)
  2 dart slugs
  2 ball pythons (D:1)
  An endoplasm (D:1)
  A giant cockroach (D:2)
  2 goblins (D:1)
  2 hobgoblins (D:1)
  A quokka (D:1)
  4 bats (D:1)
  2 frilled lizards (D:1)
  2 kobolds (D:1)
  A rat (D:1)
22 creatures vanquished.

Notes
Turn   | Place    | Note
-------+----------+-------------------------------------------
     0 | D:1      | booth the Troll Fighter began the quest for the Orb.
     0 | D:1      | Reached XP level 1. HP: 22/22 MP: 0/0
   119 | D:1      | Reached XP level 2. HP: 24/29 MP: 1/1
   709 | D:1      | Reached XP level 3. HP: 36/36 MP: 2/2
   711 | D:1      | Reached skill level 3 in Unarmed Combat
   946 | D:2      | Noticed Sigmund
   977 | D:2      | Slain by Sigmund

Illustrated notes

Levels and vault maps discovered:
D:1:      lemuel_arrival_hallway, layout_basic
D:2:      cheibrodos_helix_gallery, layout_basic, corexii_leaking_fountain,
          uniq_sigmund

Skill      XL: |  1  2  3 |
---------------+----------+-----
Unarmed Combat | 3 |  3.0
Fighting       | |  2.8
Dodging        | |  2.7
Shields        | |  2.7

Action                     || total
---------------------------++-------
  Melee: Unarmed           ||    51
    Use: Scroll            ||     4
         Potion            ||     4
   Stab: Invisible         ||     1
         Sleeping          ||     1
 Armour: Robe              ||    11
  Dodge: Dodged            ||    14
  Block: Kite shield       ||    15
